 Dungeon Crawl Stone Soup version 0.23.2-33-g5129a83184 (webtiles) character file.

Game seed: 15621679749431882107

74 troglodite the Charmwright (level 4, -3/38 HPs)
             Began as a Gnoll Skald on July 6, 2019.
             Killed from afar by Sigmund (9 damage)
             ... with a magic dart
             ... on level 2 of the Dungeon.
             The game lasted 00:06:12 (2267 turns).

troglodite the Charmwright (Gnoll Skald)            Turns: 2267, Time: 00:06:13

Health: -3/38      AC:  5    Str: 13    XL:     4   Next: 28%
Magic:  7/11       EV: 13    Int: 17    God:
Gold:   107        SH:  0    Dex: 14    Spells: 6/13 levels left

rFire    . . .     SeeInvis .   a - +0 spear
rCold    . . .     Gourm    .   (no shield)
rNeg     . . .     Faith    .   r - +0 ring mail
rPois    .         Spirit   .   (no helmet)
rElec    .         Reflect  .   (no cloak)
rCorr    .         Harm     .   (no gloves)
MR       .....                  (no boots)
Stlth    +.........             (no amulet)
HPRegen  1.12/turn              (no ring)
MPRegen  0.12/turn              (no ring)

@: regenerating (expiring)
A: distributed training, fangs 1, strong nose
a: no special abilities


You were on level 2 of the Dungeon.
You were hungry.

You visited 1 branch of the dungeon, and saw 2 of its levels.

You collected 107 gold pieces.

Inventory:

Hand Weapons
 a - a +0 spear (weapon)
Armour
 r - a +0 ring mail (worn)
Scrolls
 e - 3 scrolls of teleportation {unknown}
 f - a scroll of identify {unknown}
 g - a scroll of enchant weapon {unknown}
 i - 2 scrolls of enchant armour {unknown}
 j - a scroll of immolation {unknown}
 k - a scroll of amnesia {unknown}
 o - a scroll of blinking {unknown}
 p - a scroll of random uselessness {unknown}
 q - a scroll of remove curse {unknown}
Potions
 c - a potion of degeneration {unknown}
 h - a potion of heal wounds {unknown}
 l - 2 potions of flight {unknown}
 m - a potion of brilliance {unknown}
 n - a potion of magic {unknown}
Comestibles
 d - 6 rations


   Skills:
 + Level 4.6 Fighting
 + Level 1.0 Short Blades
 + Level 1.0 Long Blades
 + Level 1.0 Axes
 + Level 1.0 Maces & Flails
 + Level 4.6 Polearms
 + Level 1.0 Staves
 + Level 1.0 Slings
 + Level 1.0 Bows
 + Level 1.0 Crossbows
 + Level 1.0 Throwing
 + Level 2.7 Armour
 + Level 4.6 Dodging
 + Level 1.0 Stealth
 + Level 1.0 Shields
 + Level 1.0 Unarmed Combat
 + Level 5.0 Spellcasting
 + Level 0.8 Conjurations
 + Level 0.8 Hexes
 + Level 5.4 Charms
 + Level 0.8 Summonings
 + Level 0.8 Necromancy
 + Level 0.8 Translocations
 + Level 0.8 Transmutations
 + Level 0.8 Fire Magic
 + Level 0.8 Ice Magic
 + Level 0.8 Air Magic
 + Level 0.8 Earth Magic
 + Level 0.8 Poison Magic
 + Level 1.1 Invocations
 + Level 1.0 Evocations


You had 6 spell levels left.
You knew the following spells:

 Your Spells              Type           Power        Failure   Level  Hunger
a - Infusion              Chrm           ###.         3%          1    None
b - Spectral Weapon       Hex/Chrm       ###.....     24%         3    ###....
c - Regeneration          Chrm/Necr      ###.......   24%         3    ###....

Your spell library contained the following spells:

 Spells                   Type           Power        Failure   Level  Hunger
 Song of Slaying          Chrm           ###.....     4%          2    #......
 Shroud of Golubria       Chrm/Tloc      ###.......   12%         2    #......


Dungeon Overview and Level Annotations

Branches:
Dungeon (2/15)

Altars:
Elyvilon
Uskayaw

Annotations:
D:2 Sigmund


Innate Abilities, Weirdness & Mutations

Your experience applies equally to all skills.
You have very sharp teeth.
Your uncanny sense of smell can sniff out nearby items.


Message History

* * * LOW HITPOINT WARNING * * *
Unknown command.
You hit something.
You are feeling hungry.
A bat comes into view.
You barely miss something. Something hits you but does no damage.
You miss something. Something hits you.
* * * LOW HITPOINT WARNING * * *
You closely miss something.
Your skin is crawling a little less now.
The bat closely misses your spectral weapon.
You hit something. The bat hits your spectral weapon. Something hits you.
* * * LOW HITPOINT WARNING * * *
You miss something.
The bat barely misses your spectral weapon.
You miss something. The bat hits you but does no damage.
You hear some strange, mumbled words.
A magic dart appears from out of thin air!
The magic dart hits you!
You die...

....≈≈≈≈≈..###### #..#
.♣...≈≈≈...##### #..#
♣♣♣....(..###... #..# ♣ ♣♣......
#... ######.### ♣####. #...
#.....>..######
#...###..............
.###..............######
#.........b.....#.#.#.#.#.#
#####...####.(@.......>........ #
#.......'....{....#.#.#.#.#.#.#
..#.......###..#'####............
#.#............#.####.#.#.#.#.#.#
#..............#.................
...............######.#.#)#.#.#.#
..................###............
..###....'##........#.#.#.#.#.#.#
..._...8..#####.#.#.#............


You could see a bat and a friendly spectral +0 spear.

Vanquished Creatures
  3 adders (D:2)
  A dart slug (D:1)
  2 leopard geckos (D:1)
  6 giant cockroaches (D:1)
  5 goblins
  5 hobgoblins
  2 jackals (D:1)
  6 bats
  4 frilled lizards
  3 kobolds
  4 rats
41 creatures vanquished.

Notes
Turn   | Place    | Note
-------+----------+-------------------------------------------
     0 | D:1      | troglodite the Gnoll Skald began the quest for the Orb.
     0 | D:1      | Reached XP level 1. HP: 20/20 MP: 6/6
   309 | D:1      | Reached XP level 2. HP: 26/26 MP: 7/7
   626 | D:1      | Reached XP level 3. HP: 25/31 MP: 9/9
   742 | D:1      | Reached skill level 5 in Spellcasting
  1303 | D:2      | Found a hide-covered altar of Uskayaw.
  1378 | D:2      | Noticed Sigmund
  1516 | D:2      | Reached skill level 1 in Invocations
  1598 | D:2      | Found a white marble altar of Elyvilon.
  1814 | D:2      | Reached skill level 1 in Short Blades
  1814 | D:2      | Reached skill level 1 in Long Blades
  1814 | D:2      | Reached skill level 1 in Axes
  1814 | D:2      | Reached skill level 1 in Maces & Flails
  1814 | D:2      | Reached skill level 1 in Staves
  1814 | D:2      | Reached skill level 1 in Slings
  1814 | D:2      | Reached skill level 1 in Bows
  1814 | D:2      | Reached skill level 1 in Crossbows
  1814 | D:2      | Reached skill level 1 in Throwing
  1814 | D:2      | Reached skill level 1 in Stealth
  1814 | D:2      | Reached skill level 1 in Shields
  1814 | D:2      | Reached skill level 1 in Unarmed Combat
  1814 | D:2      | Reached skill level 1 in Evocations
  1814 | D:2      | Reached XP level 4. HP: 36/38 MP: 11/11
  2222 | D:2      | Learned a level 3 spell: Spectral Weapon
  2226 | D:2      | Learned a level 3 spell: Regeneration
  2267 | D:2      | Killed from afar by Sigmund

Skill      XL: |  1  2  3 |
---------------+----------+-----
Spellcasting   | 5 |  5.0
Invocations    | 1 |  1.1
Short Blades   | 1 |  1.0
Long Blades    | 1 |  1.0
Axes           | 1 |  1.0
Maces & Flails | 1 |  1.0
Staves         | 1 |  1.0
Slings         | 1 |  1.0
Bows           | 1 |  1.0
Crossbows      | 1 |  1.0
Throwing       | 1 |  1.0
Stealth        | 1 |  1.0
Shields        | 1 |  1.0
Unarmed Combat | 1 |  1.0
Evocations     | 1 |  1.0
Fighting       | |  4.6
Polearms       | |  4.6
Armour         | |  2.7
Dodging        | |  4.6
Conjurations   | |  0.8
Hexes          | |  0.8
Charms         | |  5.4
Summonings     | |  0.8
Necromancy     | |  0.8
Translocations | |  0.8
Transmutations | |  0.8
Fire Magic     | |  0.8
Ice Magic      | |  0.8
Air Magic      | |  0.8
Earth Magic    | |  0.8
Poison Magic   | |  0.8

Action                   |  1- 3 |  4- 6 || total
-------------------------+-------+-------++-------
Melee: Spear             |   152 |    33 ||   185
       Bite              |    12 |     1 ||    13
 Cast: Regeneration      |       |     1 ||     1
       Spectral Weapon   |       |     1 ||     1
  Eat: Chunk             |     3 |     1 ||     4
Armor: Leather armour    |    41 |       ||    41
       Ring mail         |       |     2 ||     2
Dodge: Dodged            |   129 |     8 ||   137
